 Dungeon Crawl Stone Soup version 0.27-a0-412-g8dd771eca2 (webtiles) character file.

Game seed: 2538061401700220541

290 Ankhboy the Bolt Thrower (level 6, -4/39 HPs)
             Began as a Halfling Hunter on Feb 23, 2021.
             Was a Follower of Yredelemnul.
             Killed by divine providence
             ... invoked by an orc priest
              (10 damage)
             ... on level 4 of the Dungeon on Feb 24, 2021.
             The game lasted 00:49:48 (2792 turns).

Ankhboy the Bolt Thrower (Halfling Hunter)          Turns: 2792, Time: 00:49:48

Health: -4/39      AC: 10    Str: 13    XL:     6   Next: 58%
Magic:  6/6        EV:  9    Int:  9    God:    Yredelemnul [*.....]
Gold:   149        SH:  0    Dex: 17    Spells: 5/5 levels left

rFire    . . .     SeeInvis .   a - +1 hand crossbow
rCold    . . .     Faith    .   (shield restricted)
rNeg     + . .     Spirit   .   B - +2 chain mail {rN+}
rPois    .         Reflect  .   (no helmet)
rElec    .         Harm     .   s - scarf {repulsion}
rCorr    .         Rampage  .   (no gloves)
Will     +....                  (no boots)
Stlth    ..........             (no amulet)
HPRegen  0.13/turn              h - ring of wizardry
MPRegen  0.10/turn              k - ring of willpower

@: repel missiles
A: small, mutation resistance 1
a: Renounce Religion, Animate Remains


You were on level 4 of the Dungeon.
You worshipped Yredelemnul.
Yredelemnul was aware of your devotion.
You visited 1 branch of the dungeon, and saw 4 of its levels.

You collected 149 gold pieces.

Inventory:

Hand Weapons
 a - a +1 hand crossbow (weapon)
 b - a +0 short sword
 i - a +1 dagger of venom
 u - a +0 hunting sling
 y - a +0 rapier
Missiles
 d - 63 bolts (quivered ammo)
 e - 143 stones
 l - 17 poisoned darts
 n - 53 sling bullets
Armour
 c - a +1 leather armour
 s - a scarf of repulsion (worn)
 B - a +2 chain mail of positive energy (worn)
Jewellery
 h - a ring of wizardry (left hand)
 k - a ring of willpower (right hand)
 x - a ring of flight
Scrolls
 f - 3 scrolls of enchant armour
 g - 2 scrolls of amnesia {unknown}
 o - 2 scrolls of teleportation {unknown}
 p - 2 scrolls of random uselessness {unknown}
 C - a scroll of identify
Potions
 j - a potion of magic {unknown}
 m - 2 potions of lignification
 q - a potion of curing
 r - 2 potions of attraction
 t - a potion of brilliance {unknown}
 v - 2 potions of degeneration {unknown}
 w - a potion of berserk rage {unknown}
 z - a potion of might
 A - a potion of cancellation {unknown}


   Skills:
 + Level 2.3 Fighting
 + Level 3.2 Short Blades
 + Level 5.6 Crossbows
 + Level 0.5 Throwing
 + Level 2.6 Armour
 + Level 3.2 Dodging
 + Level 1.6 Stealth
 + Level 0.6 Invocations


You had 5 spell levels left.
You didn't know any spells.
Your spell library was empty.

Dungeon Overview and Level Annotations

Branches:
Dungeon (4/15)
 Temple: D:4-7

Altars:
Ashenzari
Makhleb
Sif Muna
Vehumet
Yredelemnul
The Shining One

Shops:
D:4 (

Annotations:
D:3 3 runed translucent doors, TryExcept's ghost, amateur DgWr
D:4 exclusion: statue


Innate Abilities, Weirdness & Mutations

You are small and have problems with some larger weapons.
You are somewhat resistant to further mutation.


Message History

B - a +2 chain mail of positive energy
Okay, then.
You start removing your armour.
You continue taking off your +1 leather armour. x4
You finish taking off your +1 leather armour.
You start putting on your armour.
You continue putting on your +2 chain mail of positive energy. x5
You finish putting on your +2 chain mail of positive energy.
You feel more protected from negative energy.
C - a scroll of identify
d - 65 bolts (gained 1)
You open the door.
An orc, 2 orc priests and an orc wizard come into view.
The orc wizard shouts!
The orc shouts!
The orc priest shouts! x2
The orc wizard points at itself and mumbles some strange words.
The orc wizard flickers and vanishes!
Deactivating autopickup; reactivate with Ctrl-A.
Found a scroll labelled FIM IJOEPTIMA.
Fire: 65 bolts
Press: ? - help, Q - select action, (/) - cycle Shift-Dir - straight line, f - orc priest
Aim: an orc priest, wielding a +0 falchion and wearing a +0 ring mail (69% to hit)
You shoot a bolt.
The bolt hits the orc but does no damage.
The orc priest looks satisfied for a moment.
Fire: 64 bolts
Press: ? - help, Q - select action, (/) - cycle Shift-Dir - straight line, f/p - orc priest
Aim: an orc priest, wielding a +0 falchion and wearing a +0 ring mail (69% to hit)
You shoot a bolt. The bolt hits the orc!
You kill the orc!
Yredelemnul accepts your kill.
The orc priest mumbles some strange prayers to Beogh against you.
Beogh smites you!
The orc priest invokes the aid of Beogh against you.
Beogh smites you!
* * * LOW HITPOINT WARNING * * *
You swap places.
The orc priest mumbles some strange prayers to Beogh against you.
Beogh smites you!
You die...
Your body rises from the dead as a mindless zombie.

...........+.........+
##......# o........
##...#.## ....... ###.##
..(.. #.# .o. #.# #'# #.#
#.# #.# #Z# #.# ##@## #.#
##...###### #.# #.........#
#.# ######....####.#
#.#####...##.#.#####.####.#
#.........................#
###..##...##.........######
#........###.#######
#..##.##.# #.#


You could see an orc priest and a friendly adder zombie.

Vanquished Creatures
  A phantom (D:4)
  A centaur skeleton (D:4)
  An iguana (D:2)
  6 adders
  An ooze (D:1)
  2 worms
  A dart slug (D:3)
  A leopard gecko (D:3)
  7 orcs
  A ball python (D:1)
  A giant cockroach (D:2)
  8 hobgoblins
  3 jackals (D:1)
  A quokka (D:4)
  6 bats
  4 frilled lizards
  9 goblins
  6 kobolds
  12 rats
72 creatures vanquished.

Vanquished Creatures (collateral kills)
  A scorpion (D:4)
1 creature vanquished.

Vanquished Creatures (others)
  A leopard gecko zombie (D:3)
1 creature vanquished.

Grand Total: 74 creatures vanquished

Notes
Turn   | Place    | Note
-------+----------+-------------------------------------------
     0 | D:1      | Ankhboy the Halfling Hunter began the quest for the Orb.
     0 | D:1      | Reached XP level 1. HP: 14/14 MP: 1/1
   420 | D:1      | Reached XP level 2. HP: 19/19 MP: 2/2
   588 | D:1      | Reached skill level 5 in Crossbows
   663 | D:1      | Reached skill level 1 in Armour
   663 | D:1      | Reached XP level 3. HP: 24/24 MP: 3/3
   793 | D:2      | Found a basalt altar of Yredelemnul.
   795 | D:2      | Found a shimmering blue altar of Sif Muna.
   801 | D:2      | Became a worshipper of Yredelemnul the Dark
   928 | D:2      | Reached XP level 4. HP: 27/29 MP: 4/4
  1338 | D:2      | Reached skill level 1 in Short Blades
  1399 | D:2      | Reached XP level 5. HP: 34/34 MP: 5/5
  1729 | D:3      | Found a burning altar of Makhleb.
  1731 | D:3      | Found a runed translucent gate.
  1733 | D:3      | Found a runed translucent gate.
  1742 | D:3      | Found a runed translucent gate.
  1743 | D:3      | Noticed TryExcept's ghost (amateur DgWr)
  1831 | D:3      | Found a glowing golden altar of the Shining One.
  1923 | D:3      | Reached * piety under Yredelemnul
  2279 | D:4      | Noticed a phantom
  2297 | D:4      | HP: 1/34 [phantom (3)]
  2301 | D:4      | Killed a phantom
  2302 | D:4      | Reached XP level 6. HP: 14/39 MP: 6/6
  2354 | D:4      | Found Lyrok's Antique Weapon Boutique.
  2382 | D:4      | Found a broken altar of Ashenzari.
  2386 | D:4      | Upgraded the game from 0.27-a0-409-gd57800a693 to
                  | 0.27-a0-412-g8dd771eca2
  2393 | D:4      | Noticed an ogre
  2724 | D:4      | Found a radiant altar of Vehumet.
  2792 | D:4      | Killed from afar by an orc priest

Illustrated notes

Levels and vault maps discovered:
D:1:      heliophobic_arrival_dark_side_of_the_moon, layout_basic, minivault_11,
          minivault_19, nrook_mini_vaults, glass_columns_a
D:2:      layout_loops_ring, chequers_temple_overflow_statue_of_worship,
          kennysheep_generic_room_14
D:3:      layout_rooms, overflow_temple_1_default, gammafunk_ghost_necromancy,
          minivault_5, nicolae_tso_swordbearing_angel
D:4:      layout_loops_corners, vehumet_statue, nicolae_overflow_hidden_temple,
          serial_shops, shop_fountains, minmay_crystal_room, minmay_surrounded

Skill      XL: |  1  2  3  4  5  6 |
---------------+-------------------+-----
Crossbows      | 5 |  5.6
Armour         | 1 2 |  2.6
Short Blades   | 1 2 3 |  3.2
Dodging        | 3 |  3.2
Fighting       | 2 |  2.3
Throwing       | |  0.5
Stealth        | |  1.6
Invocations    | |  0.6

Action                   |  1- 3 |  4- 6 || total
-------------------------+-------+-------++-------
Melee: Short sword       |    79 |   133 ||   212
       Rapier            |       |    38 ||    38
       Dagger            |       |     2 ||     2
 Fire: Hand crossbow     |    32 |    56 ||    88
Throw: Stone             |     6 |    28 ||    34
       Dart              |       |     5 ||     5
Invok: Animate Remains   |       |     5 ||     5
  Use: Potion            |       |     6 ||     6
       Scroll            |       |     5 ||     5
 Stab: Sleeping          |       |     2 ||     2
Armor: Leather armour    |    16 |    30 ||    46
       Skin              |       |    14 ||    14
Dodge: Dodged            |    60 |   108 ||   168

Table legend: (Time is in decaauts)
 A = Elapsed time spent in this place.
 B = Non-inter-level travel time spent in this place.
 C = Inter-level travel time spent in this place.
 D = Time resting spent in this place.
 E = Time spent auto-exploring this place.
 F = Levels seen in this place.
 G = Mean time per level.
                   A        B        C        D        E       F      G
               +--------+--------+--------+--------+--------+-----+--------+
         Total |   2800 |   2800 |      0 |      0 |      0 |   4 |  700.0 |
       Dungeon |   2800 |   2800 |      0 |      0 |      0 |   4 |  700.0 |
               +--------+--------+--------+--------+--------+-----+--------+

Top non-repeatable levels by time:
     D:2: 792 daAuts
     D:1: 743 daAuts
     D:3: 726 daAuts
     D:4: 536 daAuts
